 Dungeon Crawl Stone Soup version 0.30-a0-1161-g0704695555 (webtiles) character file.

Game seed: 7104099126031816641

2691 fozzywoppz the Covert (level 9, -9/42 HPs)
             Began as a Spriggan Brigand on Apr 27, 2023.
             Was a Believer of Trog.
             Mangled by a two-headed ogre
             ... wielding a +0 giant spiked club
              (33 damage)
             ... on level 8 of the Dungeon.
             The game lasted 00:27:02 (7448 turns).

fozzywoppz the Covert (Spriggan Brigand)            Turns: 7448, Time: 00:27:03

Health: -9/42      AC:  4    Str:  7    XL:     9   Next: 38%
Magic:  10/10      EV: 30    Int: 13    God:    Trog [**....]
Gold:   323        SH:  0    Dex: 20    Spells: 8/8 levels left

rFire   + + .        y - +2 dagger (speed)
rCold   + . .        (no shield)
rNeg    . . .        s - +1 robe {rC+ rF+}
rPois   .            m - +0 hat
rElec   .            c - +0 cloak
rCorr   .            (gloves unavailable)
SInv    +            (boots unavailable)
Will    +....        (no amulet)
Stlth   ++++++       r - +5 ring of evasion
HPRegen 0.27/turn    B - ring of protection from fire
MPRegen 0.12/turn

%: no passive effects
@: very quick
A: very small, no large weapons, unfitting armour, see invisible, speed 3
a: Renounce Religion, Berserk, Trog's Hand


You were on level 8 of the Dungeon.
You worshipped Trog.
Trog was pleased with you.
You visited 2 branches of the dungeon, and saw 9 of its levels.
You also visited: Sewer.

You collected 428 gold pieces.
You spent 105 gold pieces at shops.

Inventory:

Hand Weapons
 a - a +3 dagger
 y - a +2 dagger of speed (weapon)
 C - a +1 dagger of speed
Missiles
 d - 18 poisoned darts (quivered)
 G - 9 atropa-tipped darts
Armour
 b - a +1 robe
 c - a +0 cloak (worn)
 m - a +0 hat (worn)
 s - a +1 robe of resistance (worn)
Jewellery
 n - a ring of magical power
 r - a +5 ring of evasion (left hand)
 B - a ring of protection from fire (right hand)
Wands
 l - a wand of roots (4)
 x - a wand of flame (2)
Scrolls
 g - 6 scrolls of teleportation
 i - 5 scrolls of identify
 j - 2 scrolls of enchant armour
 o - a scroll of blinking
 p - 3 scrolls of magic mapping
 q - a scroll of vulnerability
 v - a scroll of noise
 z - a scroll of enchant weapon
 A - a scroll of fear {unknown}
 F - a scroll of immolation {unknown}
Potions
 f - 5 potions of flight
 h - 4 potions of mutation
 k - 7 potions of curing
 t - 2 potions of ambrosia
 u - 3 potions of heal wounds
 w - 2 potions of might {unknown}
 D - a potion of attraction {unknown}
 E - a potion of invisibility {unknown}


   Skills:
 - Level 1.8 Fighting
 + Level 8.3 Short Blades
 - Level 2.3 Throwing
 + Level 9.7 Dodging
 + Level 12.7 Stealth


You had 8 spell levels left.
You didn't know any spells.
Your spell library contained the following spells:

 Spells                   Type           Power      Damage    Failure   Level
 Call Canine Familiar     Summ           0%         N/A       67%         3
 Dazzling Flash           Conj/Hex       0%         N/A       67%         3
 Portal Projectile        Hex/Tloc       0%         N/A       67%         3
 Leda's Liquefaction      Hex/Erth       0%         N/A       97%         4
 Agony                    Necr           0%         N/A       100%        5
 Silence                  Hex/Air        0%         N/A       100%        5


Dungeon Overview and Level Annotations

Branches:
Dungeon (8/15)             Temple (1/1) D:5           Sewer (visited)
   Lair: D:8-11

Altars:
Ashenzari
Cheibriados
Dithmenos
Elyvilon
Fedhas
Gozag
Hepliaklqana
Kikubaaqudgha
Makhleb
Nemelex Xobeh
Okawaru
Qazlal
Sif Muna
Trog
Uskayaw
Vehumet
Wu Jian
Xom
Yredelemnul
Zin
The Shining One

Shops:
D:4 !   D:5 *   D:6 **


Innate Abilities, Weirdness & Mutations

You are very small and have problems with some larger weapons.
You are too small for most types of armour.
You have supernaturally acute eyesight. (SInv)
You cover ground extremely quickly. (Speed+++)


Message History

The two-headed ogre is poisoned.
The two-headed ogre is heavily wounded.
Throw: 20 darts (poison)
Press: ? - help, Q - select action, (/) - cycle Shift-Dir - straight line, f/p - two-headed ogre
Aim: a two-headed ogre, wielding a +0 giant spiked club and a +0 giant club (heavily wounded, very poisoned, 77% to hit)
Okay, then.
Throw: 20 darts (poison)
Press: ? - help, Q - select action, (/) - cycle Shift-Dir - straight line, f/p - two-headed ogre
Aim: a two-headed ogre, wielding a +0 giant spiked club and a +0 giant club (heavily wounded, very poisoned, 77% to hit)
You throw a poisoned dart.
The poisoned dart hits the two-headed ogre.
The two-headed ogre looks even sicker.
The two-headed ogre is heavily wounded.
Throw: 19 darts (poison)
Press: ? - help, Q - select action, (/) - cycle Shift-Dir - straight line, f - orc wizard, p - two-headed ogre
Aim: an orc wizard, wielding a +0 dagger and wearing a +0 robe (56% to hit)
You throw a poisoned dart. The poisoned dart hits the orc wizard.
The orc wizard is poisoned.
The two-headed ogre barely misses you. The two-headed ogre closely misses you.
You hit the two-headed ogre but do no damage.
The two-headed ogre is severely wounded.
You hit the two-headed ogre but do no damage.
The two-headed ogre is severely wounded.
You hit the two-headed ogre.
The two-headed ogre is severely wounded.
The orc closely misses you.
The two-headed ogre completely misses you.
The two-headed ogre hits you with a +0 giant club.
You hit the two-headed ogre.
The two-headed ogre is severely wounded.
You barely miss the two-headed ogre.
The two-headed ogre is severely wounded.
The orc completely misses you. The orc misses you.
You hit the two-headed ogre.
The two-headed ogre is severely wounded.
You hit the two-headed ogre.
The two-headed ogre is almost dead.
The two-headed ogre hits you with a +0 giant spiked club!!
Ouch! That really hurt!
You die...

#..#### ##.(.# #.#### ##.#
#..###...... #.# #......#
#)## #.....## #).#
####....## ## .
##.###....#...## #..#
#..##.#....#..## ###.###
##.......####..###......
#######.#.@.# ##)#...#.##.
.........##oO#####...###....
...#......o#.o.##.........##
..<#.........#.##....o....#
.............#)##.........##
..#..............[.........
. #...........<..).....#...
#...?....#..............⌠
#.......(##...#...####.##


You could see a two-headed ogre (very poisoned), an orc wizard (poisoned) and 2
orcs.

Vanquished Creatures
  Grinder (D:3)
  A wyvern (D:6)
  Eustachio (D:6)
  A steam dragon (D:7)
  Edmund (D:5)
  An orc warrior (D:8)
  2 ice beasts
  A black bear (D:7)
  5 ogres
  A centaur (D:7)
  A kobold brigand (D:6)
  A gnoll sergeant (D:7)
  A scorpion (D:3)
  The ghost of Adrian566 the Sneak, a weakling OpBr (D:3)
  3 howler monkeys
  A gnoll bouda (D:8)
  2 orc priests
  A hound (D:6)
  3 sleepcaps
  Jessica (D:2)
  Terence (D:2)
  4 orc wizards
  13 gnolls
  14 adders
  4 river rats (Sewer)
  A white imp (D:5)
  2 ufetubi (D:5)
  A worm (D:5)
  3 dart slugs
  14 orcs
  9 ball pythons
  10 bats
  9 endoplasms
  3 giant cockroaches
  3 goblins
  12 hobgoblins
  9 jackals
  2 quokkas
  2 frilled lizards (D:1)
  13 kobolds
  2 rats
161 creatures vanquished.

Notes
Turn   | Place    | Note
-------+----------+-------------------------------------------
     0 | D:1      | fozzywoppz the Spriggan Brigand began the quest for the
                  | Orb.
     0 | D:1      | Reached XP level 1. HP: 10/10 MP: 2/2
   186 | D:1      | Reached skill level 6 in Stealth
   188 | D:1      | Reached XP level 2. HP: 12/15 MP: 3/3
   826 | D:2      | Noticed Terence
   829 | D:2      | Killed Terence
   830 | D:2      | Reached XP level 3. HP: 18/18 MP: 4/4
  1090 | D:2      | You fall into a shaft and drop 1 floor!
  1097 | D:3      | Found a runed translucent door.
  1100 | D:3      | Noticed a scorpion
  1107 | D:3      | Noticed Grinder
  1121 | D:3      | Found an opulent altar of Gozag.
  1176 | D:3      | Killed Grinder
  1177 | D:3      | Reached skill level 7 in Stealth
  1177 | D:3      | Reached XP level 4. HP: 23/23 MP: 5/5
  1177 | D:3      | Reached XP level 5. HP: 26/26 MP: 6/6
  1236 | D:3      | Reached skill level 8 in Stealth
  1236 | D:3      | Reached XP level 6. HP: 30/30 MP: 7/7
  1236 | D:3      | Noticed Adrian566's ghost (weakling OpBr)
  1259 | D:3      | Killed Adrian566's ghost
  1444 | D:3      | Found a glowing drain.
  1462 | Sewer    | Entered a sewer
  1534 | Sewer    | Reached skill level 5 in Dodging
  2696 | D:2      | Noticed Jessica
  2712 | D:2      | Killed Jessica
  2713 | D:2      | Reached skill level 5 in Short Blades
  2713 | D:2      | Reached XP level 7. HP: 32/34 MP: 8/8
  2906 | D:4      | Found Tudaxzu's Distillery.
  2971 | D:4      | Bought a potion of heal wounds for 50 gold pieces
  3000 | D:4      | Reached skill level 9 in Stealth
  3514 | D:5      | Entered Level 5 of the Dungeon
  3514 | D:5      | Noticed Edmund
  3521 | D:5      | Killed Edmund
  3629 | D:5      | Found a staircase to the Ecumenical Temple.
  3663 | Temple   | Entered the Ecumenical Temple
  3857 | Temple   | Became a worshipper of Trog the Wrathful
  3960 | D:5      | Found Nieha's Assorted Antiques.
  4378 | D:5      | Identified the +3 ring mail of Disguise {rElec rN+ Int-2
                  | Slay+3}
  4442 | D:5      | Reached skill level 10 in Stealth
  4556 | D:5      | Reached XP level 8. HP: 37/39 MP: 9/9
  5003 | D:6      | Found a radiant altar of Vehumet.
  5008 | D:6      | Found a shadowy altar of Dithmenos.
  5135 | D:6      | Reached skill level 11 in Stealth
  5405 | D:6      | Reached * piety under Trog
  5586 | D:6      | Noticed Eustachio
  5615 | D:6      | Killed Eustachio
  5715 | D:6      | Found Upnemipp's General Store.
  5887 | D:6      | Found Orphatent's Specific Store.
  5898 | D:6      | Bought a potion of heal wounds for 55 gold pieces
  6088 | D:7      | Reached XP level 9. HP: 42/42 MP: 10/10
  6142 | D:7      | Reached skill level 12 in Stealth
  6163 | D:7      | Noticed a two-headed ogre
  6252 | D:7      | Found an ornate altar of the Wu Jian Council.
  7339 | D:8      | Reached ** piety under Trog
  7390 | D:8      | Noticed a two-headed ogre
  7448 | D:8      | Mangled by a two-headed ogre

Illustrated notes

Levels and vault maps discovered:
D:1:      kennysheep_arrival_seaside, layout_basic, st_stairs_11, minivault_19
D:2:      layout_rooms, kennysheep_jessica_study, uniq_terence
D:3:      layout_loops_ring, general_overflow_altar, portal_sewer_entry_d,
          ebering_ghost_sewer_d, kennysheep_generic_room_13, uniq_grinder
D:4:      layout_cave_pools, serial_shops, shop
D:5:      corexii_shack_village, layout_gridville,
          minmay_temple_entry_proselytizer, serial_shops, shop,
          kennysheep_generic_room_15, uniq_edmund
D:6:      layout_basic, grunt_temple_overflow_open, nicolae_specific_store,
          bh_walls_and_bars, uniq_eustachio
D:7:      layout_basic, mainiacjoe_overflow_alcove_1
D:8:      layout_rooms, serial_shops, nicolae_shop_real_fake_doors, uniq_psyche
Temple:   bh_familiar_temple

Skill      XL: |  1  2  3  4  5  6  7  8  9 |
---------------+----------------------------+-----
Stealth        | 6 7 8 10 11 12 | 12.7
Dodging        | 2 4 5 7 8 9 |  9.7
Short Blades   | 4 5 6 7 8 |  8.3
Fighting       | |  1.8
Throwing       | |  2.3

Action                     |  1- 3 |  4- 6 |  7- 9 || total
---------------------------+-------+-------+-------++-------
  Melee: Dagger            |    71 |   190 |   560 ||   821
         Punch             |       |     2 |    11 ||    13
  Throw: Dart              |     1 |       |    49 ||    50
 Invoke: Berserk           |       |       |     1 ||     1
  Evoke: Wand              |     3 |       |     2 ||     5
    Use: Scroll            |     3 |     4 |     8 ||    15
         Potion            |     1 |       |       ||     1
   Stab: Sleeping          |    12 |    10 |    16 ||    38
         Distracted        |       |     3 |       ||     3
 Armour: Robe              |     5 |    33 |    15 ||    53
  Dodge: Dodged            |    45 |   178 |   278 ||   501

Table legend: (Time is in decaauts)
 A = Elapsed time spent in this place.
 B = Non-inter-level travel time spent in this place.
 C = Inter-level travel time spent in this place.
 D = Time resting spent in this place.
 E = Time spent auto-exploring this place.
 F = Levels seen in this place.
 G = Mean time per level.
                   A        B        C        D        E       F      G
               +--------+--------+--------+--------+--------+-----+--------+
         Total |   5099 |   5006 |     93 |    214 |   2783 |  10 |  509.9 |
       Dungeon |   4363 |   4270 |     93 |    192 |   2453 |   8 |  545.4 |
        Temple |    135 |    135 |      0 |      0 |     49 |   1 |  135.0 |
         Sewer |    600 |    600 |      0 |     22 |    280 |   1 |  600.0 |
               +--------+--------+--------+--------+--------+-----+--------+

Top non-repeatable levels by time:
     D:6: 765 daAuts
     D:5: 758 daAuts
     D:3: 621 daAuts
   Sewer: 600 daAuts
     D:7: 581 daAuts
     D:1: 516 daAuts
     D:4: 453 daAuts
     D:2: 339 daAuts
     D:8: 327 daAuts
  Temple: 135 daAuts
